Map: Odyssey LE

Players

ShoWTimE - Winner!

  • Race: Protoss Protoss
  • League: Grandmaster
  • Spawn Location: 5:00

Socke

  • Race: Protoss Protoss
  • League: Master
  • Spawn Location: 11:00

Event: HomeStory Cup XVI

VOD

Have the link to the VOD?

Description

Time

  • Played on: Nov. 10, 2017, 6:48 a.m.
  • Length: 5:47

All games in this series

Show
View Real Time Build Order
Export as new Build Order

ShoWTimE Protoss - Winner!

Build Orders:  

Get SALT Encoding   

  1  0:00  Probe (Chrono Boost)  
  12  0:04  Probe (Chrono Boost)  
  14  0:18  Pylon  
  15  0:23  Probe (Chrono Boost)  
  15  0:36  Gateway  
  15  0:38  Probe (Chrono Boost)  
  16  0:43  Assimilator  
  17  0:50  Probe (Chrono Boost)  
  17  0:52  Assimilator  
  17  1:00  Probe (Chrono Boost)  
  18  1:04  Gateway  
  18  1:06  Probe (Chrono Boost)  
  19  1:16  Probe (Chrono Boost)  
  20  1:23  Cybernetics Core  
  20  1:28  Probe (Chrono Boost)  
  20  1:31  Pylon  
  22  1:40  Probe (Chrono Boost)  
  22  1:49  Warp Gate  
  22  1:52  Probe (Chrono Boost)  
  23  1:59  Stalker  
  23  2:00  Stalker  
  27  2:06  Shield Battery  
  27  2:20  Robotics Facility  
  27  2:31  Sentry  
  29  2:46  Nexus  
  29  2:55  Pylon  
  29  2:57  Sentry  
  31  3:04  Immortal  
  35  3:22  Pylon  
  35  3:31  Gateway  
  35  3:37  Shield Battery  
  35  3:39  Warp Prism  
  35  3:54  Sentry  
  39  4:00  Stalker  
  41  4:20  Probe (Chrono Boost)  
  41  4:22  Stalker  
  41  4:23  Stalker  
  46  4:29  Stalker  
  46  4:31  Observer  
  49  4:46  Stalker x2  
  49  5:11  Stalker x3  
  47  5:31  Adept  
  45  5:35  Sentry  
  45  5:40  Adept  
Show
View Real Time Build Order
Export as new Build Order

Socke Protoss 

Build Orders:  

Get SALT Encoding   

  12  0:02  Probe (Chrono Boost)  
  14  0:14  Probe (Chrono Boost)  
  14  0:19  Pylon  
  14  0:26  Probe (Chrono Boost)  
  15  0:33  Probe (Chrono Boost)  
  15  0:40  Gateway  
  15  0:42  Probe (Chrono Boost)  
  16  0:46  Assimilator  
  17  0:54  Probe (Chrono Boost)  
  17  0:56  Assimilator  
  18  1:03  Probe (Chrono Boost)  
  18  1:08  Gateway  
  18  1:09  Probe (Chrono Boost)  
  20  1:21  Probe (Chrono Boost)  
  21  1:28  Cybernetics Core  
  22  1:34  Probe (Chrono Boost)  
  22  1:38  Pylon  
  22  1:46  Probe (Chrono Boost)  
  23  1:58  Probe (Chrono Boost)  
  24  2:04  Stalker, Warp Gate  
  24  2:05  Stalker  
  28  2:28  Pylon  
  28  2:33  Probe (Chrono Boost)  
  28  2:36  Sentry  
  31  2:44  Nexus  
  31  2:48  Sentry  
  33  2:58  Probe (Chrono Boost)  
  34  3:07  Robotics Facility  
  34  3:10  Probe (Chrono Boost)  
  35  3:17  Stalker  
  39  3:25  Probe (Chrono Boost)  
  38  3:28  Pylon  
  38  3:37  Probe (Chrono Boost)  
  38  3:40  Twilight Council  
  39  3:45  Shield Battery  
  39  3:47  Probe (Chrono Boost)  
  40  3:53  Probe (Chrono Boost)  
  40  3:54  Observer  
  41  3:56  Probe (Chrono Boost)  
  41  3:59  Probe (Chrono Boost)  
  41  4:01  Gateway  
  43  4:07  Probe x2 (Chrono Boost)  
  46  4:15  Probe (Chrono Boost)  
  46  4:19  Probe (Chrono Boost)  
  46  4:22  Probe (Chrono Boost)  
  48  4:31  Stalker, Probe (Chrono Boost)  
  52  4:35  Immortal  
  56  4:46  Shield Battery  
  56  4:55  Stalker x2  
  58  5:05  Probe (Chrono Boost)  
  42  5:20  Zealot x2  
  31  5:41  Stalker x2  
Tags
 
Add a new tag
Caveats
  • Supply blocks, unpowered buildings, or Contaminate may cause inaccurate times.
  • Supply counts are checked every 10 seconds.